 Dungeon Crawl Stone Soup version 0.26.1-2-gb8aa6d0cf2 (webtiles) character file.

Game seed: 422621242385112579

347 BOMJPIETVODKU the Covered (level 6, 0/48 HPs)
             Began as a Demonspawn Fighter on Feb 18, 2021.
             Slain by an ogre
             ... wielding a +0 giant club
              (19 damage)
             ... on level 4 of the Dungeon.
             The game lasted 00:07:57 (4215 turns).

BOMJPIETVODKU the Covered (Demonspawn Fighter)      Turns: 4215, Time: 00:07:58

Health: 0/48       AC: 10    Str: 18    XL:     6   Next: 33%
Magic:  6/6        EV:  5    Int: 16    God:
Gold:   201        SH:  9    Dex: 12    Spells: 5/5 levels left

rFire    . . .     SeeInvis .   a - +0 long sword
rCold    . . .     Faith    .   c - +0 kite shield
rNeg     . . .     Spirit   .   p - +0 chain mail
rPois    .         Reflect  .   (no helmet)
rElec    .         Harm     .   (no cloak)
rCorr    .         Rampage  .   (no gloves)
Will     .....                  g - +0 pair of boots
Stlth    ..........             (no amulet)
HPRegen  0.16/turn              q - +6 ring of intelligence
MPRegen  0.10/turn              (no ring)

@: no status effects
A: demonic guardian 1, powered by pain 1
a: no special abilities


You were on level 4 of the Dungeon.
You visited 1 branch of the dungeon, and saw 4 of its levels.

You collected 201 gold pieces.

Inventory:

Hand Weapons
 a - a +0 long sword (weapon)
Armour
 b - a +0 scale mail
 c - a +0 kite shield (worn)
 g - a +0 pair of boots (worn)
 p - a +0 chain mail (worn)
Jewellery
 q - a +6 ring of intelligence (left hand)
 r - the ring "Nuroy" {Str+3 SInv, unknown}
   (You found it on level 4 of the Dungeon)

   [ring of see invisible]

   It affects your strength (+3).
   It lets you see invisible.
Scrolls
 e - a scroll of fear {unknown}
 i - 7 scrolls of identify
 k - 2 scrolls of fog {unknown}
 n - 5 scrolls of teleportation {unknown}
 o - a scroll of random uselessness {unknown}
Potions
 d - a potion of might
 f - 2 potions of lignification {unknown}
 h - a potion of cancellation {unknown}
 j - 2 potions of flight {unknown}
 l - a potion of resistance {unknown}
 m - a potion of curing


   Skills:
 + Level 3.8 Fighting
 + Level 3.6 Long Blades
 + Level 4.0 Armour
 + Level 1.4 Dodging
 + Level 0.9 Stealth
 + Level 3.5 Shields


You had 5 spell levels left.
You didn't know any spells.
Your spell library was empty.

Dungeon Overview and Level Annotations

Branches:
Dungeon (4/15)
 Temple: D:4-7

Altars:
Fedhas
Ru


Innate Abilities, Weirdness & Mutations

A weak demonic guardian rushes to your aid.
You sometimes gain a little power by taking damage.


Message History

You start resting.
Your ufetubus disappears in a puff of smoke!
HP restored.
You start waiting.
Done waiting.
You now have 189 gold pieces (gained 9).
You now have 201 gold pieces (gained 12).
You see here a +0 giant spiked club.
An ogre comes into view. It is wielding a +0 giant club.
The ogre hits your iron imp with a +0 giant club!
The ogre hits your iron imp with a +0 giant club!!
Your iron imp dies!
The ogre hits you with a +0 giant club!
Found 13 gold pieces.
Your shield and chain mail prevent you from hitting the ogre.
The ogre hits you with a +0 giant club!!
You hit the ogre.
The ogre is lightly wounded.
The ogre hits you with a +0 giant club!!
You die...

. .$ ..# #.# ..#
#.# ...+
#.######....##
#.#...@O......
#.#.###########
#.#.# #......#
#.#.# #...)..#
#)#.####......#
#.............#
###.####......#
#.#....#.#######
#.#.##.#... ...#


You could see an ogre.

Vanquished Creatures
  2 orc priests
  An iguana (D:4)
  3 orc wizards
  3 adders
  2 worms (D:2)
  A leopard gecko (D:2)
  4 orcs
  A ball python (D:1)
  6 giant cockroaches
  8 goblins
  9 hobgoblins
  A quokka (D:2)
  10 bats
  3 frilled lizards
  5 kobolds
  9 rats
68 creatures vanquished.

Vanquished Creatures (collateral kills)
  An ogre (D:4)
  2 orc priests (D:3)
  An orc wizard (D:3)
  6 orcs
  A ball python (D:2)
  A jackal (D:2)
  A bat (D:2)
13 creatures vanquished.

Vanquished Creatures (others)
  A plant (D:3)
1 creature vanquished.

Grand Total: 82 creatures vanquished

Notes
Turn   | Place    | Note
-------+----------+-------------------------------------------
     0 | D:1      | BOMJPIETVODKU the Demonspawn Fighter began the quest for
                  | the Orb.
     0 | D:1      | Reached XP level 1. HP: 18/18 MP: 1/1
    67 | D:1      | Reached skill level 3 in Armour
   108 | D:1      | Gained mutation: A weak demonic guardian rushes to your
                  | aid. [demonic ancestry]
   108 | D:1      | Reached XP level 2. HP: 20/24 MP: 2/2
   390 | D:1      | You fall into a shaft and drop 1 floor!
   522 | D:2      | HP: 1/24 [poisoned by a goblin]
   810 | D:1      | Gained mutation: You sometimes gain a little power by
                  | taking damage. [demonic ancestry]
   810 | D:1      | Reached XP level 3. HP: 20/29 MP: 3/3
  1280 | D:2      | Found a sacrificial altar of Ru.
  1392 | D:2      | You fall into a shaft and drop 1 floor!
  1435 | D:3      | Reached XP level 4. HP: 32/35 MP: 4/4
  2443 | D:3      | Reached XP level 5. HP: 38/42 MP: 5/5
  2560 | D:3      | Found a blossoming altar of Fedhas.
  2574 | D:3      | Reached skill level 1 in Dodging
  3327 | D:4      | Reached XP level 6. HP: 11/48 MP: 6/6
  3831 | D:4      | Got a clouded lapis lazuli ring
  3867 | D:4      | Reached skill level 4 in Armour
  4215 | D:4      | Slain by an ogre

Illustrated notes

Levels and vault maps discovered:
D:1:      ncdulo_wetmaze, layout_rooms, roderic_lattice_a
D:2:      layout_basic, nicolae_ru_great_annihilating_truth
D:3:      layout_basic, fedhas_altar_1
D:4:      layout_basic, yredelemnul_forgotten_temple_becter,
          hangedman_abyss_or_decor_jellyfish_corner, grunt_ministairs_15

Skill      XL: |  1  2  3  4  5  6 |
---------------+-------------------+-----
Armour         | 3 4 |  4.0
Long Blades    | 2 3 |  3.6
Shields        | 3 |  3.5
Dodging        | 1 |  1.4
Fighting       | |  3.8
Stealth        | |  0.9

Action                   |  1- 3 |  4- 6 || total
-------------------------+-------+-------++-------
Melee: Long sword        |   102 |   159 ||   261
  Use: Scroll            |     4 |       ||     4
       Potion            |       |     1 ||     1
 Stab: Paralysed         |     1 |       ||     1
Armor: Scale mail        |    55 |    55 ||   110
       Chain mail        |       |    53 ||    53
Dodge: Dodged            |    33 |    64 ||    97
Block: Kite shield       |    48 |    94 ||   142
       Rpst.: Long sword |    12 |    20 ||    32
